 Dungeon Crawl Stone Soup version 0.4.4 (crawl-ref) character file.

46966 DainDwarf the Hacker (level 14, -1/186 HPs)
             Began as a Mountain Dwarf Berserker on Oct 10, 2008.
             Was a High Priest of Trog.
             Shot with an elven arrow by a deep elf knight (15 damage)
             ... on Level 1 of the Elven Halls. Dgl's game lasted 02:24:58 (30545 turns). DainDwarf the Hacker (Mountain Dwarf Berserker) Turns: 30545, Time: 02:24:58

HP  -1/186       AC 19     Str 29 Exp: 14/63370 (1), need: 32829
MP   9/9         EV  5     Int  7 (8)  God: Trog *****
Gold 2607        SH 13     Dex 11      Spells:  0 memorised, 13 levels left

Res.Fire  : + + .   See Invis. : .   K - +4,+5 broad axe "Apraemic" {god gift, +Bli Res.Cold : . . . Warding : . A - +1 plate mail Life Prot.: + + . Conserve : . S - +2 large shield
Res.Poison: .       Res.Corr.  : .   (no helmet)
Res.Elec. : +       Clarity    : .   (no cloak)
                                     G - +0 pair of gloves
Sust.Abil.: +       Rnd.Telep. : .   (no boots)
Res.Mut.  : .       Ctrl.Telep.: .   (no amulet)
Res.Slow  : .       Levitation : .   W - ring "Chic" {SustAb rElec}
Saprovore : . . .   Ctrl.Flight: .   B - ring of life protection

@: mighty, berserking, mildly poisoned, somewhat resistant to magic, extremely
unstealthy
A: no striking features
a: Burn Books, Berserk, Trog's Hand, Brothers in Arms, Renounce Religion, Evoke
Blink, Evoke Berserk Rage


You were on level 1 of the Elven Halls.
You worshipped Trog.
Trog was exalted by your worship.
You were not hungry.

You visited 5 branches of the dungeon, and saw 29 of its levels.
You visited 1 Labyrinth.

Inventory:

Hand weapons
 j - a +2,+0 scimitar of flaming
 K - the cursed +4,+5 broad axe "Apraemic" (weapon) {god gift, +Blink +Rage rF++ rN+ Curse}
   (Trog gifted it to you on level 3 of the Lair of Beasts)

   It greatly protects you from fire.
   It protects you from negative energy.
   It lets you blink.
   It lets you go berserk.
   It may recurse itself.
   It has a curse placed upon it.
Missiles
 t - 10 poisoned +0 dwarven darts
 L - 3 +0 dwarven darts
Armour
 A - a +1 plate mail (worn)
 G - a +0 pair of gloves (worn)
 S - a +2 large shield (worn)
Magical devices
 a - a wand of disintegration (9)
 c - a wand of fire (2)
 n - a wand of slowing (6)
 w - a wand of fireball (6)
 y - a wand of frost (3)
 z - a wand of cold (5)
 N - a wand of paralysis (6)
 O - a wand of slowing (6)
Comestibles
 i - 2 meat rations
Jewellery
 B - a ring of life protection (left hand)
 V - an uncursed ring of life protection
 W - the ring "Chic" (right hand) {SustAb rElec}
   (You found it in a Labyrinth)

   [ring of sustain abilities]

   It insulates you from electricity.
   You had 1 experience left.


   Skills:
 + Level 11 Fighting
 + Level 17 Axes
 + Level 2 Darts
 + Level 10 Armour
 + Level 1 Dodging
 + Level 13 Shields
 + Level 3 Traps & Doors
 + Level 2 Evocations


You had 13 spell levels left.
You didn't know any spells.

Overview of the Dungeon

Branches:
Temple: D:6 Orc : D:7 Elf : Orc:4 Lair : D:13 Swamp : Lair:5 Slime : Lair:10 Snake : Lair:3 Hive : D:11

Altars:
The Shining One: D:5 Beogh: Orc:1

Shops:
D:7: ! D:10: *   Level   Annotations   Dungeon 11:   Deadly Water


Message History

The elven arrow hits you!
* * * LOW HITPOINT WARNING * * *
You see here an elven arrow.
You are too berserk!
You feel a strong urge to attack something.
The deep elf knight shoots an elven arrow.
The elven arrow hits you!

#...........
#.........$.#
#.....e.....#
#...........#
#...^.......#
#.>.........#
#...........#
#...f(.(....#
##########)....@(....#
.[........#######)(..#
#########.# ....# #.#
....# #.# ...... #.#
.##.## #.# .# .# #.#
.# #.# .


You could see a fungus, and a deep elf knight.

Vanquished Creatures
  A hydra (Lair:8)
  An ogre-mage (Orc:4)
  A hill giant (D:13)
  An elephant slug (Lair:5)
  3 deep elf knights
  An orc knight (Orc:2)
  Erolcha (Elf:1)
  2 orc sorcerers
  4 black snakes
  10 giant brown frogs
  A smoke demon (Orc:3)
  A hellwing (Orc:3)
  3 giant snails
  7 komodo dragons
  13 spiny frogs
  6 trolls
  6 ugly things (D:13)
  A polar bear (Lair:7)
  4 two-headed ogres (Orc:4)
  A grizzly bear (Lair:8)
  The ghost of DainDwarf the Cleaver, an average MDBe (D:7)
  2 giant slugs (Lair:3)
  11 blink frogs
  A hungry ghost (D:12)
  A ynoxinul (Orc:3)
  26 yaks
  A deep elf summoner (Elf:1)
  A hippogriff (Lair:3)
  A deep elf fighter (Elf:1)
  A wraith (D:13)
  A giant blowfly (D:13)
  A firedrake (Lair:8)
  2 manticores (D:8)
  4 wyverns
  An iron devil (Orc:4)
  A big kobold (D:13)
  A necrophage (D:12)
  9 ogres
  3 deep elf priests (Elf:1)
  The ghost of DainDwarf the Chopper, an average MiBe (D:4)
  7 centaurs
  An ice beast (D:6)
  2 wargs
  9 giant lizards
  3 gila monsters
  Sigmund (D:4)
  5 deep elf magi (Elf:1)
  13 orc warriors
  11 giant frogs
  11 brown snakes
  7 war dogs (Lair:7)
  14 killer bees
  5 imps
  16 orc priests
  A giant brown frog zombie (D:12)
  12 hounds
  A quasit (D:8)
  10 orc wizards
  2 wights
  5 deep elf soldiers (Elf:1)
  8 sheep (Lair:5)
  10 giant ants
  A shadow (D:8)
  A scorpion (D:5)
  4 giant iguanas
  Ijyb (D:7)
  3 jellies
  A lemure (Orc:4)
  21 snakes
  A wyvern zombie (D:9)
  43 green rats
  5 worms
  2 giant centipedes
  2 giant mites
  A mummy (D:13)
  2 giant frog zombies
  2 oozes
  2 giant eyeballs
  3 elf zombies
  A giant ant zombie (D:5)
  A hound zombie (D:8)
  2 ufetubi (Orc:4)
  5 giant cockroaches
  5 giant geckos
  21 goblins
  65 grey rats
  29 hobgoblins
  134 orcs
  11 quokkas
  29 rats
  A small snake (D:2)
  17 giant bats
  5 giant newts
  10 jackals
  25 kobolds
  4 orc zombies
  A rat zombie (D:5)
  2 snake zombies (D:5)
755 creatures vanquished.

Vanquished Creatures (collateral kills)
  A minotaur (Lab)
  6 hydras
  2 giant brown frogs
  A giant snail (Lair:10)
  A komodo dragon (D:10)
  A giant slug (Lair:9)
  A firedrake (Lair:7)
  A giant lizard (Lair:6)
  A hobgoblin (D:10)
  A goblin (D:10)
  A plant (Lair:7)
17 creatures vanquished.

Vanquished Creatures (others)
  A two-headed ogre (Lair:8)
  An efreet (Lair:4)
  4 ogres
  A giant frog (Lair:6)
  A deep elf soldier (Elf:1)
  3 green rats
  A worm (D:8)
  2 orcs
  A giant bat (Elf:1)
  A goblin (Orc:1)
  2 grey rats
  A quokka (D:8)
  A rat (Lair:5)
20 creatures vanquished.

Grand Total: 792 creatures vanquished

Notes
Turn   | Place    | Note
--------------------------------------------------------------
     0 | D:1      | DainDwarf, the Mountain Dwarf Berserker, began the quest for the Orb.
     0 | D:1      | Reached XP level 1. HP: 16/16 MP: 0/0
   373 | D:1      | Reached XP level 2. HP: 22/24 MP: 1/1
   578 | D:1      | Acquired Trog's second power
   992 | D:2      | Reached XP level 3. HP: 28/31 MP: 1/1
  1508 | D:2      | Reached skill 5 in Axes
  1806 | D:3      | Reached XP level 4. HP: 36/38 MP: 2/2
  2536 | D:4      | Noticed it
  2752 | D:4      | Defeated Sigmund
  2752 | D:4      | Reached XP level 5. HP: 35/45 MP: 3/3
  3097 | D:4      | Reached skill 6 in Axes
  3151 | D:4      | Defeated DainDwarf's ghost
  3151 | D:4      | Reached XP level 6. HP: 53/53 MP: 3/3
  3463 | D:4      | Reached skill 7 in Axes
  3529 | D:5      | Entered Level 5 of the Dungeon
  3930 | D:5      | Reached skill 5 in Fighting
  3999 | D:5      | Reached skill 8 in Axes
  4022 | D:5      | Reached XP level 7. HP: 59/62 MP: 4/4
  4123 | D:5      | Acquired Trog's third power
  4165 | D:5      | Reached skill 1 in Shields
  4775 | D:6      | Reached skill 9 in Axes
  4957 | D:6      | Reached skill 5 in Armour
  5102 | D:6      | Reached skill 1 in Traps & Doors
  5108 | Temple   | Entered the Ecumenical Temple
  5500 | D:7      | Noticed Ijyb
  5505 | D:7      | Defeated Ijyb
  5559 | D:7      | Defeated DainDwarf's ghost
  5559 | D:7      | Reached XP level 8. HP: 69/69 MP: 5/5
  6049 | D:7      | Reached skill 10 in Axes
  7391 | D:8      | Reached XP level 9. HP: 70/75 MP: 5/5
  7512 | D:8      | Reached skill 11 in Axes
  9184 | D:9      | Reached skill 5 in Shields
  9740 | D:10     | Entered Level 10 of the Dungeon
  9743 | D:10     | Reached skill 12 in Axes
 10931 | D:11     | Reached XP level 10. HP: 87/87 MP: 6/6
 11158 | D:11     | Received a gift from Trog
 11986 | D:12     | Reached skill 13 in Axes
 12541 | D:12     | Got a bloodstained dagger
 12758 | D:13     | Noticed a giant snail
 12800 | D:13     | Defeated a giant snail
 12885 | D:13     | Reached XP level 11. HP: 58/94 MP: 7/7
 13025 | D:13     | Reached skill 14 in Axes
 13425 | D:13     | Noticed a giant snail
 13470 | D:13     | Defeated a giant snail
 14068 | Lair:1   | Entered Level 1 of the Lair of Beasts
 14268 | Lair:1   | Received a gift from Trog
 15271 | Lab      | Entered a Labyrinth
 15383 | Lab      | Got a wavering steel ring
 15482 | Lair:3   | Identified the ring "Chic" (You found it in a Labyrinth)
 15881 | Lair:3   | Reached skill 10 in Shields
 15887 | Lair:3   | Received a gift from Trog
 15892 | Lair:3   | Reached skill 15 in Axes
 15896 | Lair:3   | Got a shiny broad axe {god gift}
 16231 | Lair:3   | Reached XP level 12. HP: 78/104 MP: 7/7
 16378 | Lair:3   | Identified the cursed +4,+5 broad axe "Apraemic" {god gift} (Trog gifted it to you on level 3 of the Lair of Beasts)
 19515 | Lair:5   | Reached skill 10 in Fighting
 19875 | Lair:5   | Received a gift from Trog
 20719 | Lair:6   | Reached skill 1 in Evocations
 20779 | Lair:6   | Reached skill 1 in Darts
 21455 | Lair:7   | Got a jewelled long sword
 21691 | Lair:7   | Reached skill 16 in Axes
 22183 | Lair:7   | Received a gift from Trog
 23091 | Temple   | Identified the +6,+6 long sword of Vom Acs (You found it on level 7 of the Lair of Beasts)
 23919 | Lair:8   | Reached XP level 13. HP: 114/114 MP: 8/8
 24454 | Lair:8   | Reached skill 10 in Armour
 25669 | Lair:10  | Entered Level 10 of the Lair of Beasts
 26464 | Orc:1    | Entered Level 1 of the Orcish Mines
 27328 | Orc:2    | Received a gift from Trog
 28074 | Orc:4    | Entered Level 4 of the Orcish Mines
 29719 | Elf:1    | Entered Level 1 of the Elven Halls
 29746 | Elf:1    | Noticed Erolcha
 29753 | Elf:1    | Reached skill 17 in Axes
 29753 | Elf:1    | Received a gift from Trog
 29793 | Orc:4    | Noticed a two-headed ogre
 29794 | Orc:4    | Defeated a two-headed ogre
 29808 | Orc:4    | Noticed a two-headed ogre
 29810 | Orc:4    | Noticed a two-headed ogre
 29816 | Orc:4    | Defeated a two-headed ogre
 29821 | Orc:4    | Defeated a two-headed ogre
 29827 | Orc:4    | Noticed a two-headed ogre
 29834 | Orc:4    | Defeated a two-headed ogre
 30064 | Elf:1    | Defeated Erolcha
 30096 | Orc:4    | Noticed an ogre-mage
 30103 | Orc:4    | Defeated an ogre-mage
 30288 | Temple   | Reached XP level 14. HP: 121/124 MP: 9/9
 30545 | Elf:1    | Shot with an elven arrow by a deep elf knight
